 Dungeon Crawl Stone Soup version 0.30-a0-165-g1891117ce2 (webtiles) character file.

Game seed: 11529373870183967726

278 qw the Chopper (level 6, -2/38 HPs)
             Began as a Gargoyle Fighter on Sept 28, 2022.
             Slain by an orc
             ... wielding a +0 trident
              (3 damage)
             ... on level 4 of the Dungeon.
             The game lasted 00:01:09 (3461 turns).

qw the Chopper (Gargoyle Fighter)                   Turns: 3461, Time: 00:01:09

Health: -2/38      AC: 14    Str: 21    XL:     6   Next: 26%
Magic:  0/6        EV:  9    Int: 12    God:
Gold:   158        SH:  0    Dex:  9    Spells: 5/5 levels left

rFire   . . .      SeeInvis .    Y - +1 war axe (flame)
rCold   . . .      Faith    .    c - +0 buckler
rNeg    + . .      Spirit   +    b - +0 scale mail
rPois   inf        Reflect  .    f - +2 hat {Int+3}
rElec   +          Harm     .    (no cloak)
rCorr   .          Rampage  .    (no gloves)
Will    .....                    m - +0 pair of boots
Stlth   ..........               n - amulet of guardian spirit
HPRegen 0.12/turn                (no ring)
MPRegen 0.10/turn                (no ring)

@: confused
A: sickness immunity, AC +4, negative energy resistance 1, electricity
resistance, torment resistance 1, petrification resistance
a: no special abilities


You were on level 4 of the Dungeon.
You visited 1 branch of the dungeon, and saw 4 of its levels.

You collected 158 gold pieces.


Innate Abilities, Weirdness & Mutations

You are immune to sickness and miasma.
Your stone body is resilient. (AC +4)
You are immune to poison.
You resist negative energy. (rN+)
You are resistant to electric shocks. (rElec)
You are resistant to unholy torment.
You are immune to petrification.


   Skills:
 + Level 3.8 Fighting
 - Level 5.6 Axes
 - Level 3.2 Armour
 - Level 3.2 Shields


You had 5 spell levels left.
You didn't know any spells.
Your spell library was empty.

Inventory:

Hand Weapons
 Y - a +1 war axe of flaming (weapon)
Armour
 b - a +0 scale mail (worn)
 c - a +0 buckler (worn)
 f - a +2 hat of intelligence (worn)
 g - a +1 leather armour of fire resistance
 m - a +0 pair of boots (worn)
Jewellery
 n - an amulet of guardian spirit (around neck)
Scrolls
 k - a scroll of identify
Potions
 d - a potion of might
 e - a potion of mutation
 i - a potion of degeneration {unknown}
 j - a potion of heal wounds {unknown}
 l - a potion of resistance

Dungeon Overview and Level Annotations

Branches:
Dungeon (4/15)
 Temple: D:4-7

Altars:
Yredelemnul


Message History

You miss something. The orc closely misses you. Something hits you.
You're too confused to move!
You feel your willpower return. The orc closely misses you.
The orc hits you from afar with a +0 trident.
Something hits you.
You feel less confused. The orc hits you with a +0 flail.
You block the orc's attack.
There is a stone staircase leading up here.
You closely miss the orc. You closely miss something.
The orc hits you but does no damage.
The orc hits you from afar with a +0 trident.
Something hits you but does no damage.
You hit the orc but do no damage. You miss something.
The orc hits you but does no damage. The orc closely misses you.
Something hits you but does no damage. The orc misses you.
Something hits you but does no damage. The orc hits you but does no damage.
You hit the orc. You burn the orc.
The orc is heavily wounded.
You completely miss something. You block the orc's attack.
The orc hits you but does no damage.
You hear some strange, mumbled words.
You are confused.
You bump into the rock wall.
The orc hits you but does no damage.
The orc hits you from afar with a +0 trident.
Something hits you but does no damage.
You slash something! You burn something. You closely miss the orc.
The orc closely misses you. The orc barely misses you.
You hear some strange, mumbled words.
You are more confused.
You closely miss the orc.
The orc is heavily wounded.
You slash something! You burn something.
Reactivating autopickup.
You feel a bit more experienced. The orc hits you but does no damage.
The orc barely misses you.
The orc hits you from afar with a +0 trident.
You die...

#. .# #.#
.# #
#.##.#.#
#....#.##
#.......#
#.......#
#o......#
#.o###.#
#@)))..#
#.######
#.. ####


You could see 2 orcs.

Vanquished Creatures
  Sigmund (D:3)
  An orc priest (D:4)
  An orc wizard (D:4)
  3 gnolls (D:2)
  3 orcs
  9 bats
  8 endoplasms
  A giant cockroach (D:1)
  5 hobgoblins
  3 quokkas (D:1)
  5 ball pythons
  7 frilled lizards
  3 goblins
  8 kobolds
  11 rats
69 creatures vanquished.

Vanquished Creatures (others)
  3 plants (D:1)
3 creatures vanquished.

Grand Total: 72 creatures vanquished

Notes
Turn   | Place    | Note
-------+----------+-------------------------------------------
     0 | D:1      | qw the Gargoyle Fighter began the quest for the Orb.
     0 | D:1      | Reached XP level 1. HP: 14/14 MP: 1/1
     0 | D:1      | 0 ||| qw: Version: 0.2-a-12-gaebbb33
     0 | D:1      | 0 ||| qw: Game counter: 738
     0 | D:1      | 0 ||| qw: Always use a shield: true
     0 | D:1      | 0 ||| qw: God list: Okawaru
     0 | D:1      | 0 ||| qw: Allow faded altars: false
     0 | D:1      | 0 ||| qw: Do Orc after D:15 true
     0 | D:1      | 0 ||| qw: Do second Lair branch before Depths: true
     0 | D:1      | 0 ||| qw: Lair rune preference: random
     0 | D:1      | 0 ||| qw: Plans: Normal, Zot:1-4, God:TSO, Crypt, Tomb,
                  | Pan, Slime:5, Hells, Abyss, Orb
     0 | D:1      | 0 ||| PLANNING D:1-11
    27 | D:1      | Reached skill level 2 in Axes
   174 | D:1      | Reached XP level 2. HP: 18/19 MP: 2/2
   442 | D:1      | Reached skill level 3 in Axes
   480 | D:1      | Reached XP level 3. HP: 21/23 MP: 3/3
   761 | D:1      | 761 ||| READING 2 scrolls labelled LIEBBU NIOSK.
   762 | D:1      | 762 ||| READING scroll labelled ANUITS REHISKO.
   810 | D:1      | 810 ||| READING scroll labelled LUEZIS YMYGOA.
   810 | D:1      | Identified a scroll of acquirement
   810 | D:1      | 810 ||| ACQUIRING +2 hat of intelligence
   810 | D:1      | Acquired a +2 hat of intelligence
   812 | D:1      | 812 ||| UPGRADING to +2 hat of intelligence.
   817 | D:1      | 817 ||| READING 2 scrolls labelled QOFEEVV INGUQUT.
   818 | D:1      | 818 ||| READING scroll labelled BUTEORR JUFU.
   819 | D:1      | 819 ||| DROPPING scroll of butterflies.
  1346 | D:2      | Found a faded altar of an unknown god.
  1761 | D:2      | Reached XP level 4. HP: 25/28 MP: 4/4
  1765 | D:2      | Reached skill level 4 in Axes
  2077 | D:2      | 2077 ||| UPGRADING to +0 pair of boots.
  2082 | D:2      | 2082 ||| UPGRADING to amulet of guardian spirit.
  2087 | D:2      | 2087 ||| READING scroll labelled UNANOZXACEO.
  2188 | D:2      | 2188 ||| READING scroll labelled HOGUUN NURCHEF.
  2189 | D:2      | 2189 ||| DROPPING +0 mace.
  2190 | D:2      | 2190 ||| READING scroll labelled UMAMEL BUBBO.
  2191 | D:2      | 2191 ||| DRINKING 2 emerald potions.
  2327 | D:3      | Found a basalt altar of Yredelemnul.
  2669 | D:3      | Noticed Sigmund
  2670 | D:3      | 2670 ||| Stepping ~*~*~tactically~*~*~ (hiding).
  2690 | D:3      | Killed Sigmund
  2691 | D:3      | Reached skill level 5 in Axes
  2691 | D:3      | Reached XP level 5. HP: 11/32 MP: 1/5
  2691 | D:3      | Reached XP level 6. HP: 13/37 MP: 1/6
  3408 | D:3      | 3408 ||| DROPPING orb of energy.
  3409 | D:3      | 3409 ||| READING scroll labelled HETYRIOCIV.
  3414 | D:3      | 3414 ||| READING scroll labelled WIPOMI MOPEMAN.
  3415 | D:3      | 3415 ||| READING scroll labelled MICZOITUJI.
  3416 | D:3      | 3416 ||| READING scroll labelled BULLUTU RIEW.
  3417 | D:3      | 3417 ||| READING 2 scrolls of identify.
  3417 | D:3      | 3417 ||| IDENTIFYING purple potion
  3442 | D:4      | 3442 ||| Stepping ~*~*~tactically~*~*~ (hiding).
  3455 | D:4      | HP: 8/38 [orc/+0 flail (4)]
  3459 | D:4      | HP: 1/38 [orc/+0 trident (4)]
  3461 | D:4      | Slain by an orc

Levels and vault maps discovered:
D:1:      tarquinn_simple_flora_water_c, layout_basic, serial_bayou_crossing
D:2:      layout_basic, dreamdust_ecumenical_altar_grove
D:3:      layout_loops_corners, mainiacjoe_overflow_24_doors, uniq_sigmund
D:4:      layout_basic, led_xom_imps, mainiacjoe_overflow_concentric_impassable,
          hangedman_decor_lopped, st_stairs_9, fountainhead, uniq_eustachio,
          uniq_crazy_yiuf_cottage

Skill      XL: |  1  2  3  4 |
---------------+-------------+-----
Axes           | 2 3 5 |  5.6
Fighting       | |  3.8
Armour         | |  3.2
Shields        | |  3.2

Action                   |  1- 3 |  4- 6 || total
-------------------------+-------+-------++-------
Melee: War axe           |   134 |    94 ||   228
  Use: Scroll            |     5 |     8 ||    13
       Potion            |       |     1 ||     1
Armor: Scale mail        |    81 |    57 ||   138
Dodge: Dodged            |    76 |    48 ||   124
Block: Buckler           |    17 |    15 ||    32

Table legend:
 A = Non-vault XP
 B = Vault XP
 C = Vault XP percentage of total XP
 D = Non-vault monster count
 E = Vault monster count
 F = Vault count percentage of total count
                 A         B        C        D         E       F
            +---------+---------+-------+---------+---------+-------
      Total |     220 |     214 |  49.3 |      68 |       1 |   1.4
            +---------+---------+-------+---------+---------+-------
        D:1 |      39 |       0 |   0.0 |      27 |       0 |   0.0
        D:2 |      65 |       0 |   0.0 |      17 |       0 |   0.0
        D:3 |      33 |     214 |  86.6 |      21 |       1 |   4.5
        D:4 |      83 |       0 |   0.0 |       3 |       0 |   0.0
            +---------+---------+-------+---------+---------+-------
